[Event "Early-Titled-Tuesday-Blitz-March-26-2024"]
[Site "Chess.com"]
[Date "2024.03.26"]
[Round "1"]
[White "Bauman_Guy"]
[Black "AwareIdea"]
[Result "1-0"]
[WhiteElo "2919"]
[BlackElo "2510"]
[TimeControl "180+1"]
[EndTime "8:01:36 PDT"]
[Termination "Bauman_Guy won by resignation"]

1. e4 e5 2. Nf3 Nc6 3. Bb5 Nf6 4. O-O Nxe4 5. Re1 Nd6 6. a4 Be7 7. Nc3 O-O 8. d4 Nxd4 9. Nxd4 exd4 10. Nd5 Bf6 11.
Bd3 Re8 12. Bf4 Rxe1+ 13. Qxe1 Ne8 14. Qe4 g6 15. Qxe8+ 1-0

[Event "Early-Titled-Tuesday-Blitz-March-26-2024"]
[Site "Chess.com"]
[Date "2024.03.26"]
[Round "1"]
[White "FairChess_on_YouTube"]
[Black "m_ezat"]
[Result "1-0"]
[WhiteElo "3136"]
[BlackElo "2556"]
[TimeControl "180+1"]
[EndTime "8:01:38 PDT"]
[Termination "FairChess_on_YouTube won by resignation"]

1. d4 Nf6 2. c4 g6 3. Nc3 Bg7 4. e4 d6 5. h3 O-O 6. Be3 e5 7. d5 Na6 8. Bd3 Nc5 9. Bc2 a5 10. Nge2 Ne8 11. g4 Bd7 12. Qd2 a4 13. O-O-O c6 14.
dxc6 Bxc6 15. Bxc5 1-0

[Event "Early-Titled-Tuesday-Blitz-March-26-2024"]
[Site "Chess.com"]
[Date "2024.03.26"]
[Round "1"]
[White "Oleksandr_Bortnyk"]
[Black "Viktoker"]
[Result "1-0"]
[WhiteElo "3078"]
[BlackElo "2543"]
[TimeControl "180+1"]
[EndTime "8:02:15 PDT"]
[Termination "Oleksandr_Bortnyk won by resignation"]

1. e4 c6 2. c4 d5 3. cxd5 cxd5 4. exd5 Nf6 5. Qa4+ Nbd7 6. Nc3 g6 7. Bc4 Bg7 8. d3 O-O 9. Nf3 Nb6 10. Qb3 Ne8 11. O-O Nd6 12. Bf4 Bf5 13. Rfe1 Rc8 14. Bxd6 Qxd6 15.
Nb5 Qf4 16. Nxa7 Nxc4 17. Nxc8 Nxb2 18. Nxe7+ Kh8 19. Nxf5 1-0

[Event "Early-Titled-Tuesday-Blitz-March-26-2024"]
[Site "Chess.com"]
[Date "2024.03.26"]
[Round "1"]
[White "Boorchess"]
[Black "MikeWizard"]
[Result "1-0"]
[WhiteElo "2576"]
[BlackElo "2103"]
[TimeControl "180+1"]
[EndTime "8:02:25 PDT"]
[Termination "Boorchess won by resignation"]

1. d4 Nf6 2. Nf3 g6 3. Bf4 d6 4. e3 Bg7 5. h3 O-O 6. Be2 c5 7.
c3 Bf5 8. Nbd2 Nc6 9. O-O a6 10. a4 Qb6 11. Nc4 Qc7 12. dxc5 Nh5 13. cxd6 Qd7 14. dxe7 Nxe7 15. Qxd7 Bxd7 16. Bd6 Rfe8 17. Nb6 Bc6 18. Nxa8 1-0

[Event "Early-Titled-Tuesday-Blitz-March-26-2024"]
[Site "Chess.com"]
[Date "2024.03.26"]
[Round "1"]
[White "ITheOnlyME"]
[Black "CSB7"]
[Result "0-1"]
[WhiteElo "2427"]
[BlackElo "2774"]
[TimeControl "180+1"]
[EndTime "8:02:28 PDT"]
[Termination "CSB7 won by resignation"]

1. d4 Nf6 2. Bf4 c5 3. e3 d5 4. dxc5 Qa5+ 5. Nc3 a6 6. a3 Qxc5 7. Nf3 g6 8. Qd2 Bg7 9. Rd1 e6 10. Bd3 O-O 11. b4 Qe7 12. Na4 Nbd7 13. O-O e5 0-1

[Event "Early-Titled-Tuesday-Blitz-March-26-2024"]
[Site "Chess.com"]
[Date "2024.03.26"]
[Round "1"]
[White "Zohid6"]
[Black "Joachim100x"]
[Result "1-0"]
[WhiteElo "2928"]
[BlackElo "2514"]
[TimeControl "180+1"]
[EndTime "8:02:46 PDT"]
[Termination "Zohid6 won by resignation"]

1. e4 c5 2. Nf3 e6 3. d4 cxd4 4. Nxd4 Bc5 5. Nb3 Bb6 6. Bd3 Ne7 7. O-O O-O 8. c4 Nbc6 9. Nc3 f5 10. Kh1 f4 11. f3 Ne5 12. Be2 N7g6 13. Bd2 Qh4 14. Be1 Qh5 15. c5 Bc7 16. Nb5 Bb8 17. Nd6 b6 18.
Rc1 bxc5 19. Rxc5 Bxd6 20. Qxd6 a5 21. Bc3 a4 22. Nd2 Ra6 23. Bxa6 1-0

[Event "Early-Titled-Tuesday-Blitz-March-26-2024"]
[Site "Chess.com"]
[Date "2024.03.26"]
[Round "1"]
[White "Midgardsormur"]
[Black "chessdjw"]
[Result "0-1"]
[WhiteElo "2444"]
[BlackElo "2803"]
[TimeControl "180+1"]
[EndTime "8:02:53 PDT"]
[Termination "chessdjw won by resignation"]

1. e4 c5 2. c3 e6 3. d4 d5 4. exd5 exd5 5. Nf3 Nc6 6. Bb5 Bd6 7. dxc5 Bxc5 8.
O-O Ne7 9. Re1 O-O 10. Be3 Bd6 11. Nbd2 Bg4 12. h3 Bh5 13. Be2 Nf5 14. Bg5 f6 15. Nh4 fxg5 16. Nxf5 Bxe2 17. Qxe2 Rxf5 0-1

[Event "Early-Titled-Tuesday-Blitz-March-26-2024"]
[Site "Chess.com"]
[Date "2024.03.26"]
[Round "1"]
[White "hakanazeri2"]
[Black "maurovargas01"]
[Result "1-0"]
[WhiteElo "2561"]
[BlackElo "1844"]
[TimeControl "180+1"]
[EndTime "8:03:12 PDT"]
[Termination "hakanazeri2 won by checkmate"]

1. Nf3 Nc6 2. d4 d6 3. e4 e6 4. Be3 Nf6 5. Nc3 e5 6. dxe5 dxe5 7. Qxd8+ Nxd8 8. Nxe5 Bb4 9. O-O-O Bxc3 10. bxc3 Nxe4 11.
Rxd8+ Kxd8 12. Nxf7+ Ke7 13. Nxh8 Nxc3 14. Bc5+ Ke8 15.
Bb5+ c6 16. Re1+ Kd8 17. Nf7+ Kc7 18. Re7+ Bd7 19. Bc4 b6 20. Bd6+ Kc8 21. Ba6# 1-0

[Event "Early-Titled-Tuesday-Blitz-March-26-2024"]
[Site "Chess.com"]
[Date "2024.03.26"]
[Round "1"]
[White "Shield12"]
[Black "xakevicius91"]
[Result "1-0"]
[WhiteElo "2991"]
[BlackElo "2529"]
[TimeControl "180+1"]
[EndTime "8:03:19 PDT"]
[Termination "Shield12 won by resignation"]

1. b3 b6 2. Bb2 Bb7 3. Nf3 Nf6 4. g3 e6 5. Bg2 Be7 6. O-O O-O 7. c4 c5 8. Nc3 d6 9. d4 cxd4 10. Qxd4 a6 11.
Rfd1 Qc7 12. Rac1 Nbd7 13. Qd2 Rfe8 14. h3 Rad8 15. Qf4 Qb8 16. e4 Bf8 17. Re1 Ne5 18. Rcd1 Nfd7 19. Qe3 Nxf3+ 20. Bxf3 Qc7 21. Bg2 Be7 22.
h4 Ne5 23. a4 Bf8 24. Ne2 Nd7 25. Nf4 Nc5 26. Nh5 d5 27. Qg5 h6 28. Nf6+ Kh8 29.
Qxh6+ 1-0

[Event "Early-Titled-Tuesday-Blitz-March-26-2024"]
[Site "Chess.com"]
[Date "2024.03.26"]
[Round "1"]
[White "aa175"]
[Black "alekroth65"]
[Result "1-0"]
[WhiteElo "2726"]
[BlackElo "2390"]
[TimeControl "180+1"]
[EndTime "8:03:32 PDT"]
[Termination "aa175 won by checkmate"]

1. d4 d6 2. Bf4 Nd7 3. Nf3 g6 4. e3 Bg7 5. Bc4 Ngf6 6. Bxf7+ Kxf7 7. Ng5+ Kg8 8. Ne6 Qe8 9. Nxc7 Qd8 10. Nxa8 b6 11. Qf3 Ba6 12. Qc6 h6 13. Nc7 Qc8 14.
Nd5 Nxd5 15. Qxd5+ Kh7 16. Nc3 Bb7 17. Qe6 Rf8 18. Qxe7 Bxg2 19. Rg1 Bh3 20. Bxh6 Qd8 21. Qxg7# 1-0

[Event "Early-Titled-Tuesday-Blitz-March-26-2024"]
[Site "Chess.com"]
[Date "2024.03.26"]
[Round "1"]
[White "cristiano78"]
[Black "SlavenPastar"]
[Result "0-1"]
[WhiteElo "2228"]
[BlackElo "2608"]
[TimeControl "180+1"]
[EndTime "8:03:52 PDT"]
[Termination "SlavenPastar won by resignation"]

1. d4 b6 2. c4 Bb7 3. Nc3 g6 4. Nf3 Nf6 5. g3 Bg7 6. Bg2 Ne4 7. Qc2 Nxc3 8. Qxc3 c5 9. Be3 O-O 10. O-O Nc6 11.
Rfd1 d6 12. a3 Qc7 13. Qd3 cxd4 14.
Nxd4 Ne5 15. Qc2 Bxg2 16. Kxg2 Qxc4 17. Qxc4 Nxc4 18. b3 Nxe3+ 19. fxe3 Rfc8 20. Rac1 Kf8 21. b4 a6 22. Kf3 Ke8 23. Ke4 Kd7 24. Kd3 Rxc1 25.
Rxc1 Rc8 26. Rxc8 Kxc8 27. a4 Bxd4 28. exd4 d5 29. e4 dxe4+ 30. Kxe4 Kd7 31. Kd5 f6 32. b5 e6+ 33. Ke4 axb5 34. axb5 Kd6 35. g4 h5 36. h3 hxg4 37. hxg4 f5+ 38. gxf5 exf5+ 39. Kf4 Kd5 0-1

[Event "Early-Titled-Tuesday-Blitz-March-26-2024"]
[Site "Chess.com"]
[Date "2024.03.26"]
[Round "1"]
[White "Sina_Movahed"]
[Black "chess123456s"]
[Result "1-0"]
[WhiteElo "3092"]
[BlackElo "2550"]
[TimeControl "180+1"]
[EndTime "8:03:58 PDT"]
[Termination "Sina_Movahed won by resignation"]

1. Nf3 d5 2. c4 d4 3. b4 Bg4 4.
Bb2 Bxf3 5. gxf3 e5 6. a3 a5 7. b5 Nd7 8. f4 Bc5 9. Bg2 Ngf6 10.
d3 O-O 11. f5 Qc8 12. Nd2 Nb6 13. Ne4 Be7 14. Ng3 Bc5 15. Bc1 h6 16. Rg1 Re8 17. Ne4 Be7 18. Bxh6 gxh6 19. Nxf6+ Kh8 20. Qd2 Bf8 21. Bxb7 1-0

[Event "Early-Titled-Tuesday-Blitz-March-26-2024"]
[Site "Chess.com"]
[Date "2024.03.26"]
[Round "1"]
[White "Elegance_Riks"]
[Black "ural58"]
[Result "1-0"]
[WhiteElo "2799"]
[BlackElo "2443"]
[TimeControl "180+1"]
[EndTime "8:04:02 PDT"]
[Termination "Elegance_Riks won by resignation"]

1. Nf3 d5 2. g3 Nc6 3. d4 Bf5 4. Bg2 Nb4 5. Na3 e6 6. O-O h6 7. c3 Nc6 8. c4 Nf6 9. Ne5 Bxa3 10.
Nxc6 bxc6 11. bxa3 O-O 12. Qa4 Qd7 13. Bf4 Rfb8 14.
Rac1 Ne8 15. cxd5 exd5 16. Qxc6 Qxc6 17. Rxc6 Be6 18. e4 dxe4 19. Bxe4 Rb2 20. Rxe6 1-0

[Event "Early-Titled-Tuesday-Blitz-March-26-2024"]
[Site "Chess.com"]
[Date "2024.03.26"]
[Round "1"]
[White "Cheer_Down"]
[Black "moro182"]
[Result "0-1"]
[WhiteElo "2486"]
[BlackElo "2883"]
[TimeControl "180+1"]
[EndTime "8:04:07 PDT"]
[Termination "moro182 won by resignation"]

1. e4 g6 2. d4 Bg7 3. Nc3 a6 4. a4 d6 5. Nf3 Nf6 6. Bc4 O-O 7. O-O Nxe4 8. Bxf7+ Rxf7 9. Nxe4 Nc6 10. c3 e5 11.
Neg5 Rf5 12. Qb3+ d5 13. dxe5 Nxe5 14. Nxe5 Rxe5 15. Nf3 Re4 16. Rd1 c6 17. Ng5 Re2 18. c4 Qe7 19. Bf4 h6 20. cxd5 hxg5 21. d6+ Qe6 0-1

[Event "Early-Titled-Tuesday-Blitz-March-26-2024"]
[Site "Chess.com"]
[Date "2024.03.26"]
[Round "1"]
[White "manitodeplomo"]
[Black "InitiatingASC"]
[Result "1-0"]
[WhiteElo "2675"]
[BlackElo "2339"]
[TimeControl "180+1"]
[EndTime "8:04:07 PDT"]
[Termination "manitodeplomo won by checkmate"]

1. d4 d5 2. c4 e6 3. Nf3 Nf6 4. Nc3 c5 5. Bg5 Nc6 6. e3 cxd4 7. exd4 dxc4 8. Bxc4 Be7 9. O-O O-O 10. a3 b6 11. d5 exd5 12. Nxd5 Nxd5 13. Qxd5 Qc7 14.
Rac1 Be6 15. Qe4 Bxg5 16. Nxg5 Bd7 17. Qxh7# 1-0

[Event "Early-Titled-Tuesday-Blitz-March-26-2024"]
[Site "Chess.com"]
[Date "2024.03.26"]
[Round "1"]
[White "MyDream003"]
[Black "NewYearGirl"]
[Result "1-0"]
[WhiteElo "2777"]
[BlackElo "2428"]
[TimeControl "180+1"]
[EndTime "8:04:11 PDT"]
[Termination "MyDream003 won by resignation"]

1. Nf3 Nf6 2. c4 b5 3. cxb5 a6 4. bxa6 Bxa6 5. g3 Nc6 6. d4 e6 7. Nc3 Bb4 8. Bd2 Ba5 9. Bg2 Bb6 10. Bf4 Nh5 11. Bg5 f6 12. Be3 g5 13. d5 Bxe3 14. dxc6 Bc5 15. cxd7+ Qxd7 16. Qxd7+ Kxd7 17. O-O Rab8 18. b3 Ng7 19. Rac1 Nf5 20. Ne4 Be7 21. Rfd1+ Nd6 22. Nc5+ Ke8 23. Nxa6 Ra8 1-0

[Event "Early-Titled-Tuesday-Blitz-March-26-2024"]
[Site "Chess.com"]
[Date "2024.03.26"]
[Round "1"]
[White "PierrotFace"]
[Black "Durarbayli"]
[Result "0-1"]
[WhiteElo "2508"]
[BlackElo "2917"]
[TimeControl "180+1"]
[EndTime "8:04:19 PDT"]
[Termination "Durarbayli won by resignation"]

1. e4 c5 2. Nf3 d6 3. c3 Nf6 4.
Be2 Nc6 5. d4 cxd4 6. cxd4 d5 7.
e5 Ne4 8. Nc3 Bf5 9. Qb3 Nxc3 10. bxc3 Qd7 11. O-O e6 12. Ba3 Bxa3 13. Qxa3 Qe7 14.
Qa4 O-O 15. Bb5 Rfc8 16. Nd2 a6 17. Bxc6 Rxc6 18. Rac1 Rac8 19. Qb3 Qc7 20. Nf3 b5 21. a4 Rxc3 22. Rxc3 Qxc3 23. Qa2 b4 24. h3 b3 25.
Qa3 b2 26. Qa2 Qc1 0-1

[Event "Early-Titled-Tuesday-Blitz-March-26-2024"]
[Site "Chess.com"]
[Date "2024.03.26"]
[Round "1"]
[White "Payyappat"]
[Black "FGHSMN"]
[Result "0-1"]
[WhiteElo "2522"]
[BlackElo "2972"]
[TimeControl "180+1"]
[EndTime "8:04:22 PDT"]
[Termination "FGHSMN won by resignation"]

1. e4 c6 2. d4 d5 3. Nc3 g6 4. Nf3 Bg7 5. Be3 Bg4 6. Be2 Nf6 7. e5 Nfd7 8. h3 Bxf3 9. Bxf3 e6 10. h4 c5 11. h5 cxd4 12. Bxd4 Nxe5 13. hxg6 hxg6 14. Rxh8+ Bxh8 15. Be2 Nbc6 16. Bb5 Qh4 17. Bxe5 Bxe5 18. Qd2 O-O-O 19. O-O-O Bf4 0-1

[Event "Early-Titled-Tuesday-Blitz-March-26-2024"]
[Site "Chess.com"]
[Date "2024.03.26"]
[Round "1"]
[White "ChessQueen"]
[Black "amylazy"]
[Result "1-0"]
[WhiteElo "2757"]
[BlackElo "2415"]
[TimeControl "180+1"]
[EndTime "8:04:23 PDT"]
[Termination "ChessQueen won by checkmate"]

1. Nf3 Nf6 2. g3 g6 3. Bg2 Bg7 4. c4 O-O 5. O-O d5 6. cxd5 Nxd5 7. Nc3 Nb6 8. d4 Nc6 9. d5 Na5 10. Nd4 c6 11. e4 cxd5 12. exd5 Bd7 13. Bg5 h6 14.
Bf4 Rc8 15. Nde2 Nac4 16. Qc1 Kh7 17. h4 h5 18. Rd1 Bg4 19. f3 Bf5 20. Kh2 Nxb2 21.
Qxb2 Na4 22. Qxb7 Nxc3 23. Nxc3 Rxc3 24. Rac1 Ra3 25. d6 e5 26. Bg5 Qa5 27. d7 f6 28.
Bxf6 Rxf6 29. d8=Q Rb6 30. Qxg7+ Kxg7 31. Rc7+ Kh6 32.
Qh8# 1-0

[Event "Early-Titled-Tuesday-Blitz-March-26-2024"]
[Site "Chess.com"]
[Date "2024.03.26"]
[Round "1"]
[White "ragnaroek66"]
[Black "SpeedofLight0"]
[Result "0-1"]
[WhiteElo "2543"]
[BlackElo "3077"]
[TimeControl "180+1"]
[EndTime "8:04:24 PDT"]
[Termination "SpeedofLight0 won by resignation"]

1. d4 d6 2. c4 g6 3. e4 Bg7 4. Nc3 Nc6 5. Be3 e5 6. Nge2 Nf6 7. f3 O-O 8. d5 Ne7 9. Qd2 Nh5 10. O-O-O f5 11.
Kb1 Kh8 12. exf5 gxf5 13. f4 Ng6 14. g3 Nf6 15. h3 a6 16. Nc1 b5 17. cxb5 axb5 18.
Bxb5 Ba6 19. Bd3 Qc8 20. Bc2 Bc4 21. Bb3 Qa6 22. Bxc4 Qxc4 23. Qe2 Qb4 24. Nd3 Qa5 25. Nc1 Rfb8 26. Qc4 Rb4 27. Qc6 Ne7 0-1

[Event "Early-Titled-Tuesday-Blitz-March-26-2024"]
[Site "Chess.com"]
[Date "2024.03.26"]
[Round "1"]
[White "Cobysters"]
[Black "GMT4114"]
[Result "1-0"]
[WhiteElo "2566"]
[BlackElo "1974"]
[TimeControl "180+1"]
[EndTime "8:04:27 PDT"]
[Termination "Cobysters won by checkmate"]

1. c4 f5 2. Nc3 Nf6 3. g3 d6 4. Bg2 e5 5. e3 Be7 6. Nge2 O-O 7. d4 Nc6 8. d5 Nb8 9. b4 a5 10. bxa5 Rxa5 11. a4 Nbd7 12. Ba3 Nc5 13. Bb4 Ra8 14. Bxc5 dxc5 15. a5 Bd6 16. O-O Bd7 17. Qb1 Qc8 18. Nb5 Ra6 19. Nec3 Qa8 20. Nxd6 cxd6 21. Nb5 Rc8 22.
Bh3 g6 23. Qb2 Ne8 24. Qc3 Kf7 25. e4 Ke7 26. f4 exf4 27. e5 fxg3 28. exd6+ Nxd6 29. Qe5+ Kd8 30. Nxd6 gxh2+ 31. Kh1 Rxa5 32. Nf7# 1-0

[Event "Early-Titled-Tuesday-Blitz-March-26-2024"]
[Site "Chess.com"]
[Date "2024.03.26"]
[Round "1"]
[White "Adar_07"]
[Black "Khromkin"]
[Result "1-0"]
[WhiteElo "2810"]
[BlackElo "2452"]
[TimeControl "180+1"]
[EndTime "8:04:33 PDT"]
[Termination "Adar_07 won by resignation"]

1. e4 c5 2. Nf3 Nc6 3. d4 cxd4 4. Nxd4 g6 5. Nc3 Bg7 6. Be3 Nf6 7. Nxc6 bxc6 8. e5 Nd5 9. Nxd5 cxd5 10. Qxd5 Rb8 11.
O-O-O O-O 12. Bc4 Bb7 13. Qxd7 Qa5 14. Qxe7 Bxg2 15. Rhg1 Bxe5 16. Bb3 Bh3 17. Rg5 1-0

[Event "Early-Titled-Tuesday-Blitz-March-26-2024"]
[Site "Chess.com"]
[Date "2024.03.26"]
[Round "1"]
[White "sansanathalia"]
[Black "Witik"]
[Result "0-1"]
[WhiteElo "2417"]
[BlackElo "2759"]
[TimeControl "180+1"]
[EndTime "8:04:36 PDT"]
[Termination "Witik won by resignation"]

1. e4 e5 2. Nf3 Nc6 3. d4 exd4 4. Nxd4 Bc5 5. Nb3 Bb6 6. Nc3 Nf6 7. Qe2 a5 8. Be3 a4 9. Nd2 a3 10. b3 Ba5 11. Nd5 O-O 12. Nxf6+ Qxf6 13. Rb1 Nb4 14.
Qd1 Nxa2 15. Bd3 Nc3 16. Qc1 Nxb1 17. Qxb1 a2 0-1

[Event "Early-Titled-Tuesday-Blitz-March-26-2024"]
[Site "Chess.com"]
[Date "2024.03.26"]
[Round "1"]
[White "Let_it_be_1"]
[Black "DIM90"]
[Result "1-0"]
[WhiteElo "2658"]
[BlackElo "2327"]
[TimeControl "180+1"]
[EndTime "8:04:41 PDT"]
[Termination "Let_it_be_1 won by resignation"]

1. e4 e5 2. Nf3 Nf6 3. Nxe5 d6 4. Nf3 Nxe4 5. Qe2 Qe7 6. d3 Nf6 7. Bg5 Be6 8. Nc3 Nbd7 9. O-O-O O-O-O 10. Nd4 a6 11.
Re1 Re8 12. Qd2 h6 13. Bh4 g5 14. Bg3 d5 15. h4 Nh5 16. hxg5 Nxg3 17. fxg3 Qb4 18.
Nxe6 fxe6 19. Nxd5 Qa4 20. Qc3 Bc5 21. Nf4 hxg5 22.
Rxh8 Rxh8 23. Qxh8+ 1-0

[Event "Early-Titled-Tuesday-Blitz-March-26-2024"]
[Site "Chess.com"]
[Date "2024.03.26"]
[Round "1"]
[White "LiadCuba"]
[Black "Incognizance"]
[Result "1-0"]
[WhiteElo "2564"]
[BlackElo "1895"]
[TimeControl "180+1"]
[EndTime "8:04:41 PDT"]
[Termination "LiadCuba won by resignation"]

1. d4 Nf6 2. c4 e6 3. Nc3 Bb4 4.
f3 O-O 5. e4 d5 6. cxd5 exd5 7.
e5 Nfd7 8. f4 Bxc3+ 9. bxc3 Nb6 10. Bd3 Nc4 11. Nf3 Bg4 12. O-O Nd7 13. Rb1 Rb8 14.
Qc2 g6 15. f5 Bxf3 16. Rxf3 Ndxe5 17. dxe5 Nxe5 18. Rh3 Nxd3 19. Qxd3 Qd6 20. Bh6 Rfe8 21. Qd4 Qe5 22. fxg6 fxg6 23. Rf1 Qxd4+ 24. cxd4 b6 25. Rhf3 c5 26. Rf7 cxd4 27. Rg7+ Kh8 28. Rff7 Re1+ 29. Kf2 1-0

[Event "Early-Titled-Tuesday-Blitz-March-26-2024"]
[Site "Chess.com"]
[Date "2024.03.26"]
[Round "1"]
[White "daika91"]
[Black "MaiqMaster"]
[Result "1-0"]
[WhiteElo "2716"]
[BlackElo "2385"]
[TimeControl "180+1"]
[EndTime "8:04:43 PDT"]
[Termination "daika91 won by checkmate"]

1. d4 d5 2. c4 e6 3. Nc3 Nf6 4. Bg5 Bb4 5. e3 h6 6. Bh4 g5 7. Bg3 Ne4 8. Rc1 h5 9. cxd5 exd5 10. Qa4+ Nc6 11. Bb5 Bd7 12. f3 Nxg3 13. hxg3 Qe7 14. Kf2 Bxc3 15. Rxc3 Kf8 16. Ne2 a6 17. Bxc6 Bxc6 18.
Qa3 Qxa3 19. Rxa3 f5 20. Rc3 Kf7 21. Nc1 Ke6 22. Nd3 Rac8 23. Rhc1 h4 24. gxh4 Rxh4 25. Nc5+ Kd6 26. Nxa6 Ra8 27. Nb4 Bb5 28. Rxc7 Bc4 29. Rxb7 Bxa2 30. Rc6# 1-0

[Event "Early-Titled-Tuesday-Blitz-March-26-2024"]
[Site "Chess.com"]
[Date "2024.03.26"]
[Round "1"]
[White "FormerProdigy"]
[Black "Schattman"]
[Result "1-0"]
[WhiteElo "2969"]
[BlackElo "2522"]
[TimeControl "180+1"]
[EndTime "8:04:44 PDT"]
[Termination "FormerProdigy won by resignation"]

1. c3 Nf6 2. d4 g6 3. Bf4 Bg7 4. Nf3 O-O 5. e3 d6 6. h3 c5 7.
Be2 Qb6 8. Qc1 Nc6 9. Nbd2 cxd4 10. exd4 Bf5 11. Nc4 Qc7 12. Bh6 Rac8 13. O-O b5 14.
Bxg7 Kxg7 15. Ne3 Bd7 16. Bxb5 Rb8 17. Be2 d5 18. Bd3 Rfc8 19. Qd2 Na5 20. Ne5 Bb5 21.
Rfe1 Bxd3 22. Nxd3 Ne4 23. Qe2 Nc4 24. Nxd5 1-0

[Event "Early-Titled-Tuesday-Blitz-March-26-2024"]
[Site "Chess.com"]
[Date "2024.03.26"]
[Round "1"]
[White "Yuruultei"]
[Black "deribas12345"]
[Result "0-1"]
[WhiteElo "2229"]
[BlackElo "2615"]
[TimeControl "180+1"]
[EndTime "8:04:44 PDT"]
[Termination "deribas12345 won by resignation"]

1. d4 Nf6 2. c4 c5 3. d5 b5 4.
cxb5 a6 5. e3 d6 6. Nc3 g6 7. a4 Bg7 8. e4 O-O 9. h3 e6 10. Bc4 exd5 11. exd5 Nbd7 12. Nf3 Re8+ 13. Be3 Nb6 14. Bb3 axb5 15. axb5 Rxa1 16. Qxa1 c4 17. Bc2 Nfxd5 18. O-O Nxe3 19. fxe3 Rxe3 20. Qa7 Re7 21. Qa5 Qc7 22. Kh1 Bb7 23. Na4 Nxa4 24. Qxa4 Bxb2 25.
Qb4 Bg7 26. b6 Qc5 27. Qb1 d5 28. Re1 d4 29. Rxe7 Qxe7 30. Qd1 d3 31. Bxd3 cxd3 32.
Qxd3 h6 33. Qb5 Kh7 34. Qb3 Qe6 35. Qb4 Bxf3 36. b7 Qxh3+ 0-1

[Event "Early-Titled-Tuesday-Blitz-March-26-2024"]
[Site "Chess.com"]
[Date "2024.03.26"]
[Round "1"]
[White "szachuspl"]
[Black "DrVelja"]
[Result "0-1"]
[WhiteElo "2534"]
[BlackElo "3018"]
[TimeControl "180+1"]
[EndTime "8:04:51 PDT"]
[Termination "DrVelja won by resignation"]

1. d4 Nf6 2. c4 g6 3. Nc3 Bg7 4. e4 d6 5. Be2 O-O 6. Be3 Na6 7. Nf3 c5 8. d5 e6 9. Nd2 exd5 10. cxd5 Nc7 11.
O-O Rb8 12. a4 Re8 13. Re1 b6 14. Qc2 Ba6 15. Nb5 Bxb5 16. axb5 Ra8 17. Ra3 Qd7 18. Qc4 Ng4 19. Bxg4 Qxg4 20. Rea1 Bxb2 21. R3a2 Bxa1 22. Rxa1 Qd7 23. Rb1 a6 24. bxa6 Rxa6 25. Bf4 b5 26.
Qc3 b4 27. Qb2 Nb5 28. f3 Nc3 29. Re1 Ra2 30. Qc1 Rea8 31. Kf1 Qb5+ 32. Kf2 Qd3 0-1

[Event "Early-Titled-Tuesday-Blitz-March-26-2024"]
[Site "Chess.com"]
[Date "2024.03.26"]
[Round "1"]
[White "YoreDea"]
[Black "alexrustemov"]
[Result "0-1"]
[WhiteElo "2519"]
[BlackElo "2949"]
[TimeControl "180+1"]
[EndTime "8:04:55 PDT"]
[Termination "alexrustemov won by resignation"]

1. e4 e6 2. d3 c5 3. g3 Nc6 4. Bg2 g6 5. Ne2 Bg7 6. O-O Nge7 7. c3 d5 8. Be3 d4 9. cxd4 Nxd4 10. Nxd4 Bxd4 11.
Bxd4 Qxd4 12. Nc3 O-O 13. Qe2 e5 14. Rac1 Be6 15. Nb5 Qd7 16. Rxc5 b6 17. Rxe5 Nc6 18. d4 Nxd4 19. Nxd4 Qxd4 20. Rxe6 fxe6 21. Rd1 Rxf2 22. Rxd4 Rxe2 23. Bf1 Rxb2 24. Bc4 Re8 0-1

[Event "Early-Titled-Tuesday-Blitz-March-26-2024"]
[Site "Chess.com"]
[Date "2024.03.26"]
[Round "1"]
[White "AccioChess"]
[Black "ContrVersia"]
[Result "0-1"]
[WhiteElo "2510"]
[BlackElo "2927"]
[TimeControl "180+1"]
[EndTime "8:04:57 PDT"]
[Termination "ContrVersia won on time"]

1. e4 c5 2. Nf3 a6 3. c3 e6 4.
d4 d5 5. e5 Bd7 6. a4 Nc6 7. Be2 Qb6 8. O-O cxd4 9. cxd4 Nge7 10.
b3 Nf5 11. Bb2 h5 12. Na3 Be7 13. h3 Na5 14. Rb1 Qxb3 15. Qxb3 Nxb3 16. Nc2 Rc8 17. Ne3 Nxe3 18. fxe3 Bxa4 19. Bd1 b5 20. Rf2 O-O 21.
Ne1 h4 22. Nd3 Rc4 0-1

[Event "Early-Titled-Tuesday-Blitz-March-26-2024"]
[Site "Chess.com"]
[Date "2024.03.26"]
[Round "1"]
[White "UK_23"]
[Black "Hope_6"]
[Result "1-0"]
[WhiteElo "2407"]
[BlackElo "2711"]
[TimeControl "180+1"]
[EndTime "8:04:58 PDT"]
[Termination "UK_23 won by resignation"]

1. e4 c6 2. Nc3 d5 3. Nf3 dxe4 4. Nxe4 Nf6 5. Qe2 Nxe4 6. Qxe4 Be6 7. g3 Bd5 8. Qe3 Bxf3 9. Qxf3 Nd7 10. Bg2 Nf6 11. O-O g6 12. c3 Bg7 13. d4 O-O 14. Re1 Re8 15. a4 a5 16. Qe2 Nd7 17. Qc4 e5 18. dxe5 Nxe5 19. Qf1 Qb6 20. Rd1 Rad8 21. Rxd8 Rxd8 22. Qe2 Qb3 23. Bg5 Re8 24. Kf1 Re6 25. Qd1 h6 26. Qxb3 hxg5 27. Qxb7 1-0

[Event "Early-Titled-Tuesday-Blitz-March-26-2024"]
[Site "Chess.com"]
[Date "2024.03.26"]
[Round "1"]
[White "FlemingA"]
[Black "kingofthenil"]
[Result "0-1"]
[WhiteElo "2429"]
[BlackElo "2784"]
[TimeControl "180+1"]
[EndTime "8:05:05 PDT"]
[Termination "kingofthenil won by resignation"]

1. Nc3 d5 2. Nf3 g6 3. d3 Bg7 4.
g3 d4 5. Ne4 Nh6 6. Bg2 O-O 7.
O-O Nf5 8. c3 Nc6 9. a3 a5 10.
Bd2 a4 11. c4 Nd6 12. Nxd6 exd6 13. b4 axb3 14. Qxb3 Re8 15. Rfe1 h6 16. a4 b6 17. Qb2 Bd7 18. Bf4 Na5 19. Bd2 Nb7 20. Nxd4 Nc5 21. e3 Nxd3 22. Qc3 Nxe1 23. Rxe1 c5 0-1

[Event "Early-Titled-Tuesday-Blitz-March-26-2024"]
[Site "Chess.com"]
[Date "2024.03.26"]
[Round "1"]
[White "Agibileg"]
[Black "yonaltimur"]
[Result "1-0"]
[WhiteElo "2739"]
[BlackElo "2406"]
[TimeControl "180+1"]
[EndTime "8:05:05 PDT"]
[Termination "Agibileg won on time"]

1. d4 d5 2. c4 e6 3. Nc3 a6 4. cxd5 exd5 5. Bf4 c6 6. e3 Nf6 7. Bd3 Bd6 8. Bg5 Be6 9. f4 c5 10. Nf3 h6 11. Bh4 cxd4 12. Nxd4 Nc6 13. O-O Nxd4 14. exd4 g5 15. Bg3 gxf4 16. Bxf4 Bxf4 17. Rxf4 Qe7 18. Rc1 Rg8 19. Qf3 Ng4 20. h3 h5 21.
hxg4 hxg4 22. Qg3 1-0

[Event "Early-Titled-Tuesday-Blitz-March-26-2024"]
[Site "Chess.com"]
[Date "2024.03.26"]
[Round "1"]
[White "Shahdad2007"]
[Black "Boxerandchessplayer"]
[Result "1-0"]
[WhiteElo "2604"]
[BlackElo "2203"]
[TimeControl "180+1"]
[EndTime "8:05:07 PDT"]
[Termination "Shahdad2007 won by resignation"]

1. Nf3 e6 2. c4 d5 3. g3 Nf6 4.
Bg2 dxc4 5. Qa4+ Nc6 6. Ne5 Nd5 7. Nxc6 bxc6 8. Qxc6+ Bd7 9. Qxc4 c6 10. O-O Be7 11.
d4 O-O 12. e4 Nb6 13. Qe2 c5 14. dxc5 Bxc5 15. Rd1 Qe8 16. Nc3 Rd8 17. Bf4 e5 18.
Be3 Bxe3 19. Qxe3 Be6 20. Nd5 Qb5 21. Qc3 Nxd5 22. exd5 Bxd5 23. Qxe5 Bc4 24. Qxb5 Bxb5 25. h4 g6 26. f4 Kg7 27. Kf2 Bc4 28. Bf3 Bd5 29. Rxd5 1-0